 Dungeon Crawl Stone Soup version 0.21-a0-450-gd87a9b2 (webtiles) character file.

497 slep the Slasher (level 7, -2/37 HPs)
             Began as a Vine Stalker Monk on Nov 20, 2017.
             Slain by an ogre
             ... wielding a cursed -2 giant club
              (11 damage)
             ... on level 3 of the Dungeon.
             The game lasted 00:16:44 (2494 turns).

slep the Slasher (Vine Stalker Monk)                Turns: 2494, Time: 00:16:45

Health: -2/37      AC:  8    Str: 15    XL:     7   Next: 16%
Magic:  0/8        EV: 13    Int: 10    God:
Gold:   273        SH:  0    Dex: 17    Spells: 6/6 levels left

rFire    . . .     SeeInvis .   a - +0 falchion
rCold    . . .     Gourm    .   (no shield)
rNeg     . . .     Faith    .   C - +2 leather armour {rPois}
rPois    +         Spirit   +   F - +0 helmet
rElec    .         Reflect  .   A - +0 cloak (curse)
rCorr    .         Harm     .   j - +0 pair of gloves
MR       .....                  (no boots)
Stlth    ++........             (no amulet)
HPRegen  0.52/turn              (no ring)
MPRegen  0.11/turn              (no ring)

@: no status effects
A: fangs 2, regeneration 1, magic shield, antimagic bite, no potion heal 3, rot
immunity
a: no special abilities


You were on level 3 of the Dungeon.
You were not hungry.

You visited 1 branch of the dungeon, and saw 4 of its levels.

You collected 273 gold pieces.

Inventory:

Hand Weapons
 a - a +0 falchion (weapon)
 y - a +0 mace of holy wrath
Missiles
 k - 49 poisoned needles
 w - 5 needles of frenzy
Armour
 b - a +0 robe
 d - a +1 ring mail of cold resistance
 j - a +0 pair of gloves (worn)
 A - a cursed +0 cloak (worn)
 C - a +2 leather armour of poison resistance (worn)
 F - a +0 helmet (worn)
Wands
 t - a wand of flame (28/48)
Scrolls
 e - 4 scrolls of remove curse {unknown}
 f - a scroll of amnesia {unknown}
 m - 3 scrolls of identify {unknown}
 n - 3 scrolls of fear {unknown}
 o - 2 scrolls of blinking {unknown}
 q - a scroll of recharging {unknown}
 s - 2 scrolls of teleportation {unknown}
 B - a scroll of immolation {unknown}
 E - a scroll of random uselessness {unknown}
Potions
 h - a potion of flight {unknown}
 i - a potion of degeneration {unknown}
 l - a potion of haste {unknown}
 p - 3 potions of agility {unknown}
 r - a potion of heal wounds {unknown}
 u - 2 potions of mutation {unknown}
 v - a potion of lignification {unknown}
Comestibles
 c - 3 bread rations
 g - a royal jelly
 x - 2 fruits
 z - a meat ration
 D - 6 chunks of flesh


   Skills:
 + Level 3.7 Fighting
 + Level 5.4 Long Blades
 + Level 2.3 Armour
 + Level 3.2 Dodging
 + Level 2.9 Stealth


You had 6 spell levels left.
You didn't know any spells.

Dungeon Overview and Level Annotations

Branches:
Dungeon (4/15)
 Temple: D:4-7

Altars:
Kikubaaqudgha
Qazlal
Ru

Annotations:
D:4 ShadedKnight's ghost, novice GrIE


Innate Abilities, Weirdness & Mutations

You have extremely sharp teeth.
Your natural rate of healing is unusually fast.
When hurt, damage is shared between your health and your magic reserves.
Your bite disrupts and absorbs the magic of your enemies.
Potions cannot restore your health.
You are immune to rotting.


Message History

The ogre is moderately wounded.
You barely miss the ogre.
The ogre is moderately wounded.
The ogre misses you.
You barely miss the ogre. You bite the ogre. You drain its power.
The ogre is moderately wounded.
The ogre closely misses you.
You slash the ogre! You bite the ogre, but do no damage.
The ogre is heavily wounded.
The ogre hits you with a giant club!!
You hit the ogre but do no damage. You bite the ogre, but do no damage.
The ogre is heavily wounded.
The ogre hits you with a giant club!
* * * LOW HITPOINT WARNING * * *
Things that are here:
a short sword x2; a dagger You barely miss the ogre.
Your bite misses the ogre.
The ogre is heavily wounded.
The ogre hits you with a giant club!
You die...

#.......#.....##..###.⌠.#.⌠.
#.......#........###.#.#.#.#
##.....##........##.⌠.#.⌠.#.
##...####.#.....###.#.#.#.#
#####....#......#.#.⌠.#.⌠.
#.####....####.#.#.#.# ###.#
#..#..# #.⌠.#...#. #...#
#.#(..####.#.⌠.⌠.#
#.#####@#.#..# ##..._...
####.###.O.#.#.># ##.⌠.⌠.#
#....##..#...##.# #########
#...###.##.####.###........
#...##..##..###..#[.#......
#...##.####.........<.#....
#..>)..# ######...........
#...#### #....###.... #...#
#..### #....


You could see an ogre.

Vanquished Creatures
  3 vampire bats (D:3)
  An orc priest (D:3)
  5 orc wizards
  Crazy Yiuf (D:3)
  Jessica (D:3)
  Ijyb (D:3)
  4 adders
  2 dart slugs
  2 leopard geckos (D:2)
  14 orcs
  A ball python (D:2)
  2 bats
  3 bat skeletons (D:3)
  3 bat zombies (D:3)
  3 giant cockroaches
  8 goblins
  8 hobgoblins
  3 jackals (D:3)
  2 quokkas (D:2)
  6 frilled lizards
  8 kobolds
  5 rats
86 creatures vanquished.

Notes
Turn   | Place    | Note
-------+----------+-------------------------------------------
     0 | D:1      | slep the Vine Stalker Monk began the quest for the Orb.
     0 | D:1      | Reached XP level 1. HP: 11/11 MP: 2/2
   244 | D:1      | Reached XP level 2. HP: 15/16 MP: 3/3
   318 | D:1      | Reached skill level 3 in Long Blades
   832 | D:2      | Reached XP level 3. HP: 15/19 MP: 2/4
   885 | D:2      | Found a stormy altar of Qazlal.
   922 | D:2      | Found a sacrificial altar of Ru.
   953 | D:2      | Gained mutation: Your natural rate of healing is unusually fast. [Vine Stalker growth]
   953 | D:2      | Reached XP level 4. HP: 4/24 MP: 1/5
   986 | D:2      | Reached skill level 1 in Armour
  1522 | D:3      | Noticed Ijyb
  1599 | D:3      | HP: 1/24 [orc priest/divine providence (10)]
  1600 | D:3      | Reached skill level 4 in Long Blades
  1600 | D:3      | Reached XP level 5. HP: 2/28 MP: 0/6
  1706 | D:3      | Killed Ijyb
  1952 | D:3      | Found an ancient bone altar of Kikubaaqudgha.
  1957 | D:3      | Reached XP level 6. HP: 30/32 MP: 7/7
  2004 | D:3      | Noticed Jessica
  2016 | D:3      | Killed Jessica
  2076 | D:3      | Reached skill level 5 in Long Blades
  2198 | D:3      | Found a runed door.
  2203 | D:3      | Noticed Crazy Yiuf
  2211 | D:3      | Killed Crazy Yiuf
  2307 | D:4      | Reached XP level 7. HP: 18/37 MP: 4/8
  2452 | D:4      | Noticed ShadedKnight's ghost (novice GrIE)
  2494 | D:3      | Slain by an ogre

Vault maps used:
D:1:      dpeg_arrival_short_road
D:2:      nicolae_ru_great_annihilating_truth, lemuel_coloured_pillars_altar
D:3:      kennysheep_vampire_church, uniq_crazy_yiuf_cottage, uniq_jessica,
          uniq_ijyb
D:4:      portal_sewer_entry_b, hangedman_abyss_or_decor_passed

Skill      XL: |  1  2  3  4  5  6 |
---------------+-------------------+-----
Long Blades    | 3 4 5 |  5.4
Fighting       | 3 |  3.7
Armour         | 1 2 |  2.3
Dodging        | 3 |  3.2
Stealth        | |  2.9

Action                   |  1- 3 |  4- 6 |  7- 9 || total
-------------------------+-------+-------+-------++-------
Melee: Falchion          |    92 |   180 |    22 ||   294
       Bite              |    28 |    66 |    13 ||   107
 Stab: Sleeping          |     1 |     2 |       ||     3
       Distracted        |       |     1 |       ||     1
  Eat: Chunk             |       |     5 |     1 ||     6
Armor: Ring mail         |    31 |    72 |     2 ||   105
       Leather armour    |       |       |     1 ||     1
Dodge: Dodged            |    49 |   112 |     9 ||   170
       Rpst.: Falchion   |    16 |    39 |     2 ||    57

Table legend:
 A = Spawn XP
 B = Non-spawn XP
 C = Spawn XP percentage of total XP
 D = Spawn monster count
 E = Non-spawn monster count
 F = Spawn count percentage of total count
 G = Total turns spent on level
                    A         B        C        D         E        F      G
               +---------+---------+-------+---------+---------+-------+---------
         Total |       0 |     711 |   0.0 |       0 |      86 |   0.0 |  2494
               +---------+---------+-------+---------+---------+-------+---------
           D:1 |       0 |      19 |   0.0 |       0 |      13 |   0.0 |   546
           D:2 |       0 |     134 |   0.0 |       0 |      31 |   0.0 |  1018
           D:3 |       0 |     414 |   0.0 |       0 |      35 |   0.0 |   698
           D:4 |       0 |     144 |   0.0 |       0 |       7 |   0.0 |   232
               +---------+---------+-------+---------+---------+-------+---------
